 Dungeon Crawl Stone Soup version 0.24-a0-93-ge1bfdf8 (webtiles) character file.

Game seed: 15006168092773573188

836 Lavandula the Slinger (level 8, -11/47 HPs)
             Began as a Halfling Arcane Marksman on Feb 10, 2019.
             Mangled by an orc warrior
             ... wielding a +0 halberd
              (16 damage)
             ... on level 6 of the Dungeon.
             The game lasted 00:11:04 (1885 turns).

Lavandula the Slinger (Halfling Arcane Marksman)    Turns: 1885, Time: 00:11:05

Health: -11/47     AC:  8    Str: 13    XL:     8   Next: 19%
Magic:  9/9        EV: 13    Int: 11    God:
Gold:   184        SH:  0    Dex: 15    Spells: 8/9 levels left

rFire    + . .     SeeInvis +   a - +0 hunting sling
rCold    . . .     Gourm    .   (shield restricted)
rNeg     . . .     Faith    .   g - +1 ring mail {rF+}
rPois    .         Spirit   .   i - +0 helmet
rElec    .         Reflect  .   (no cloak)
rCorr    .         Harm     .   (no gloves)
MR       .....                  l - +0 pair of boots
Stlth    +.........             (no amulet)
HPRegen  0.15/turn              C - ring of see invisible
MPRegen  0.11/turn              (no ring)

@: studying Axes
A: small, mutation resistance 1
a: no special abilities


You were on level 6 of the Dungeon.
You were near starving.

You visited 1 branch of the dungeon, and saw 8 of its levels.

You collected 184 gold pieces.

Inventory:

Hand Weapons
 a - a +0 hunting sling (weapon)
 m - a +0 blowgun
 p - a +1 flail of protection
 v - a +0 war axe
Missiles
 b - 94 stones
 d - 19 sling bullets (quivered)
 n - 8 poisoned needles
Armour
 e - a +0 robe
 g - a +1 ring mail of fire resistance (worn)
 i - a +0 helmet (worn)
 l - a +0 pair of boots (worn)
 B - a +2 chain mail of positive energy
Jewellery
 w - an uncursed ring of magical power
 C - a ring of see invisible (left hand)
Wands
 o - a wand of random effects (13)
 x - a wand of polymorph (4)
 y - a wand of flame (16)
 z - a wand of paralysis (9)
Scrolls
 h - 3 scrolls of fear {unknown}
 j - 3 scrolls of identify {unknown}
 k - 2 scrolls of remove curse {unknown}
 q - a scroll of amnesia {unknown}
 t - a scroll of fog {unknown}
 u - a scroll of immolation {unknown}
 A - a scroll of enchant armour {unknown}
Potions
 c - a potion of might
 r - a potion of magic {unknown}
 D - a potion of cancellation {unknown}
 E - 2 potions of curing
Books
 s - a manual of Axes
Comestibles
 f - 3 rations


   Skills:
 - Level 0.8 Fighting
 - Level 12.1 Slings
 - Level 2.1 Dodging
 - Level 1.0 Spellcasting
 - Level 2.4 Hexes
 + Level 1.4 Evocations


You had 8 spell levels left.
You knew the following spells:

 Your Spells              Type           Power        Failure   Level  Hunger
a - Corona                Hex            #......      26%         1    ##.....

Your spell library contained the following spells:

 Spells                   Type           Power        Failure   Level  Hunger
 Slow                     Hex            #.......     38%         2    ###....
 Flame Tongue             Conj/Fire      #....        56%         1    ##.....
 Magic Dart               Conj           #...         56%         1    ##.....
 Searing Ray              Conj           #.....       71%         2    ###....
 Throw Flame              Conj/Fire      #.....       71%         2    ###....
 Dazzling Spray           Conj/Hex       #.....       78%         3    ####...
 Inner Flame              Hex/Fire       #.......     78%         3    ####...
 Portal Projectile        Hex/Tloc       #.....       78%         3    ####...
 Conjure Flame            Conj/Fire      #.......     91%         3    ####...
 Cause Fear               Hex            #.........   95%         4    #####..
 Fulminant Prism          Conj/Hex       #.........   99%         4    #####..
 Leda's Liquefaction      Hex/Erth       #.........   99%         4    #####..
 Force Lance              Conj/Tloc      #.......     100%        4    #####..
 Iskenderun's Mystic Bla  Conj           #.......     100%        4    #####..
 Sticky Flame             Conj/Fire      #.......     100%        4    #####..
 Fireball                 Conj/Fire      #.........   100%        5    ######.


Dungeon Overview and Level Annotations

Branches:
Dungeon (8/15)
 Temple: D:4-7         Lair: D:8-11

Altars:


Innate Abilities, Weirdness & Mutations

You are small and have problems with some larger weapons.
You are somewhat resistant to further mutation.


Message History

Unknown command.
There are monsters nearby!
Okay, then.
Okay, then.
The orc wizard casts a spell at you. You resist with some effort.
The orc wizard mumbles some strange words.
The orc wizard blinks!
The orc wizard gestures wildly while chanting.
The orc wizard blinks!
You see here a centaur barding.
A quokka comes into view.
The orc wizard gestures wildly while chanting.
The orc wizard blinks!
The orc wizard hits you but does no damage. x2
There is a stone staircase leading up here.
You are near starving!
The orc wizard closely misses you.
The orc warrior hits you from afar with a +0 halberd!
You die...

##.... #........# #....
##........## #.... #..........#
###.( #.........# ##.. #........#
##..# #.......# ##..## #......#
##..## #.@oo.# ##...### #####
####r.## ##......# #...## ##..##
#.......# .....#
###....###.......# .....#####
##..)...[.........#
#.##.....######....###..........#
########........r## ##.........#
####.....## ##.........#
###....<# ##..#.......#


You could see an orc warrior, an orc wizard and a quokka.

Vanquished Creatures
  An orc warrior (D:7)
  An ogre (D:7)
  A centaur (D:5)
  2 bullfrogs (D:6)
  A jelly (D:7)
  4 orc wizards
  An iguana (D:5)
  7 worker ants
  A hound zombie (D:6)
  2 adders (D:5)
  3 gnolls (D:4)
  An ooze (D:6)
  2 worms
  A leopard gecko (D:2)
  12 orcs
  A giant cockroach (D:2)
  5 goblins
  A hobgoblin (D:3)
  A quokka (D:7)
  A ball python (D:5)
  2 bats
  2 jackal zombies (D:6)
  2 kobolds
  A leopard gecko zombie (D:6)
  A quokka skeleton (D:5)
  3 rats
60 creatures vanquished.

Notes
Turn   | Place    | Note
-------+----------+-------------------------------------------
     0 | D:1      | Lavandula the Halfling Arcane Marksman began the quest for
                  | the Orb.
     0 | D:1      | Reached XP level 1. HP: 12/12 MP: 2/2
   238 | D:2      | Reached skill level 4 in Slings
   238 | D:2      | Reached XP level 2. HP: 15/18 MP: 3/3
   370 | D:3      | Gained mutation: You expend magic power (3 MP) to
                  | strengthen your wands. [potion of mutation]
   453 | D:3      | Reached XP level 3. HP: 21/22 MP: 4/4
   459 | D:3      | Reached skill level 5 in Slings
   469 | D:3      | Reached skill level 6 in Slings
   469 | D:3      | Reached XP level 4. HP: 22/27 MP: 5/5
   540 | D:4      | Lost mutation: You expend magic power (3 MP) to strengthen
                  | your wands. [potion of mutation]
   703 | D:5      | Entered Level 5 of the Dungeon
   723 | D:5      | Noticed a centaur
   740 | D:5      | Killed a centaur
   740 | D:5      | Reached skill level 8 in Slings
   740 | D:5      | Reached XP level 5. HP: 10/32 MP: 6/6
   945 | D:5      | Reached XP level 6. HP: 28/37 MP: 7/7
   968 | D:5      | Reached skill level 9 in Slings
  1231 | D:6      | Reached skill level 10 in Slings
  1231 | D:6      | Reached XP level 7. HP: 38/42 MP: 8/8
  1418 | D:7      | Reached skill level 11 in Slings
  1639 | D:7      | Reached skill level 12 in Slings
  1639 | D:7      | Reached XP level 8. HP: 30/47 MP: 9/9
  1842 | D:6      | Reached skill level 1 in Evocations
  1885 | D:6      | Mangled by an orc warrior

Levels and vault maps discovered:
D:1:      dpeg_arrival_long_road, layout_basic
D:2:      layout_loops_ring, lemuel_zombie_altar_kikubaaqudgha,
          minmay_tiny_reverse_x, uniq_sigmund
D:3:      layout_loops_ring, uniq_ijyb
D:4:      layout_loops_ring, minmay_temple_entry_drinking_statues, first_ration,
          serial_forest, infiniplex_forest_join, infiniplex_forest_lined_corner,
          infiniplex_forest_clump_diagonal, infiniplex_forest_clump_long,
          infiniplex_forest_corner_1, infiniplex_forest_end_1,
          infiniplex_forest_lined_corner, infiniplex_forest_join,
          infiniplex_forest_fountain, infiniplex_forest_lined_2
D:5:      layout_loops_ring, minmay_manual_mail
D:6:      layout_cave_pods
D:7:      layout_loops_ring, the_bakery, minivault_14, uniq_harold
D:8:      layout_cave_pools, serial_glass, glass_columns_a, glass_columns_b,
          glass_columns_a, glass_columns_a, glass_columns_b, glass_columns_b,
          glass_columns_b, glass_columns_a, glass_columns_a, glass_columns_a,
          due_unseen_surprise, minmay_strange_pillars, hangedman_decor_lopped

Skill      XL: |  1  2  3  4  5  6  7  8 |
---------------+-------------------------+-----
Slings         | 4 6 8 10 12 | 12.1
Evocations     | 1 |  1.4
Fighting       | |  0.8
Dodging        | |  2.1
Spellcasting   | |  1.0
Hexes          | |  2.4

Action                   |  1- 3 |  4- 6 |  7- 9 || total
-------------------------+-------+-------+-------++-------
Melee: Unarmed           |       |     6 |       ||     6
 Fire: Hunting sling     |    57 |   104 |   143 ||   304
       Blowgun           |       |       |     4 ||     4
Evoke: Wand              |       |     1 |     3 ||     4
  Use: Potion            |     3 |     1 |       ||     4
  Eat: Chunk             |       |     1 |       ||     1
Armor: Robe              |     1 |       |       ||     1
       Ring mail         |       |     9 |     7 ||    16
       Skin              |       |    18 |       ||    18
Dodge: Dodged            |    10 |    24 |    20 ||    54

Table legend:
 A = Non-vault XP
 B = Vault XP
 C = Vault XP percentage of total XP
 D = Non-vault monster count
 E = Vault monster count
 F = Vault count percentage of total count
                 A         B        C        D         E       F
            +---------+---------+-------+---------+---------+-------
      Total |    1072 |     123 |  10.3 |      55 |       5 |   8.3
            +---------+---------+-------+---------+---------+-------
        D:1 |       4 |       0 |   0.0 |       3 |       0 |   0.0
        D:2 |      11 |       3 |  21.4 |       6 |       2 |  25.0
        D:3 |      63 |       0 |   0.0 |      10 |       0 |   0.0
        D:4 |      47 |       0 |   0.0 |       4 |       0 |   0.0
        D:5 |     182 |     120 |  39.7 |       9 |       3 |  25.0
        D:6 |     349 |       0 |   0.0 |      13 |       0 |   0.0
        D:7 |     416 |       0 |   0.0 |      10 |       0 |   0.0
            +---------+---------+-------+---------+---------+-------
